 Dungeon Sprint DCSS version 0.13-a0-2859-gb62c5ab (webtiles) character file.

1820 Misa the Unseen (level 8, -3/34 (36) HPs)
             Began as a Spriggan Enchanter on Aug 28, 2013.
             Engulfed by a death drake's foul pestilence (7 damage)
             ... in the Dungeon (Sprint II: "The Violet Keep of Menkaure").
             The game lasted 00:03:56 (446 turns).

Misa the Unseen (Spriggan Enchanter)                 Turns: 446, Time: 00:03:56

HP  -3/34 (36)   AC  3     Str  4      XL: 8   Next: 32%
MP  17/27        EV 18     Int 16      God:
Gold 506         SH  0     Dex 19      Spells:  3 memorised, 17 levels left

Res.Fire  : . . .   See Invis. : +   a - +1 dagger {=f}
Res.Cold  : . . .   Warding    : .   b - +1 robe
Life Prot.: . . .   Conserve   : .   (shield restricted)
Res.Poison: .       Res.Corr.  : .   (helmet restricted)
Res.Elec. : .       Clarity    : .   (no cloak)
Sust.Abil.: . .     Spirit.Shd : .   (gloves unavailable)
Res.Mut.  : .       Prev.Telep.: +   (boots unavailable)
Res.Rott. : .       Flight     : .   (no amulet)
Saprovore : . . .                    (no ring)
                                     (no ring)

@: invisible, quite poisoned, very slightly contaminated, slowed, quick,
somewhat resistant to hostile enchantments, extraordinarily stealthy
A: unfitting armour, see invisible, herbivore 3, speed 3, slow metabolism 2
a: no special abilities


You were in the Dungeon.
You were very full.

You visited 1 branch You collected 486 gold pieces.

Inventory:

Hand weapons
 a - a +1,+1 dagger (weapon) {=f}
Missiles
 d - 12 darts (quivered)
Armour
 b - a +1 robe (worn)
Scrolls
 k - a scroll of blinking
Potions
 f - a potion of curing
 g - a potion of heal wounds
 h - a potion of speed
 i - 2 potions of magic
Books
 c - a book of Maledictions

   Spells                             Type                      Level
   *Corona                            Hexes                        1
   Sure Blade                         Hexes/Charms                 2
   *Ensorcelled Hibernation           Hexes/Ice                    2
   Confuse                            Hexes                        3
   Enslavement                        Hexes                        4
   *Invisibility                      Hexes                        6


   Skills:
 - Level 9.7 Short Blades
 - Level 1.1 Throwing
 - Level 3.0 Dodging
 - Level 16.6 Stealth
 + Level 9.9 Spellcasting
 + Level 10.5 Hexes


You had 17 spell levels left.
You knew the following spells:

 Your Spells              Type           Power        Failure   Level  Hunger
a - Corona                Hex            #####..      1%          1    None
b - Ensorcelled Hibernat  Hex/Ice        ###...       1%          2    None
c - Invisibility          Hex            #####...     21%         6    ######.


Dungeon Overview and Level Annotations

Branches:
Dungeon (1/1)

Altars:
Fedhas
Kikubaaqudgha
Makhleb
Sif Muna
Trog
Xom
Yredelemnul
Zin
the Shining One
Beogh
Jiyva

Shops:
D [!/?+[%(?*=+=!*

Annotations:
D exclusions: ice statue and orange crystal statue, Menkaure


Innate Abilities, Weirdness & Mutations

You are tiny and cannot use many weapons and most armour.
You have supernaturally acute eyesight.
You are a herbivore.
You cover ground extremely quickly.
You need consume almost no food.


Message History

You fade into invisibility!
You are very lightly contaminated with residual magic.
You are engulfed in dark miasma.
You are poisoned.
The swamp drake is engulfed in dark miasma.
The plague shambler misses you. The death drake breathes miasma at you.
The foul vapour misses you.
You are engulfed in dark miasma.
You are more poisoned.
* * * LOW HITPOINT WARNING * * *
You are engulfed in dark miasma.
You are more poisoned.
* * * LOW HITPOINT WARNING * * *
You feel yourself slow down.
* * * LOW HITPOINT WARNING * * *
You feel sick.
You are engulfed in dark miasma.
You are more poisoned.
You die...

.§§§§§. ..## §§..§§
....## ++#'§'## ...#l##
.M.§...# ..#§l# ##+##..#
#.#§l# # ##.#### +§##n#
.###.#....# #§§§##
#H#.####..## ##§§# ##+#
#.##..# +§@# ##<##j# #..#
#.§# '.<.+##$+.§####^.###
##<##j..#....###...#####
##'###%##§.....≈≈≈≈≈≈≈≈≈≈
#...####≈≈§§§..≈#+######
..#).#≈≈≈≈≈≈≈..≈#..._...
#...##≈≈≈≈≈≈≈≈§≈#.._._..
##+##≈≈≈§≈≈≈≈≈{≈#..._._


You could see a plague shambler and 2 death drakes.

Vanquished Creatures
  A plague shambler (D)
  A mermaid (D)
  A hippogriff (D)
  4 brain worms (D)
  An agate snail (D)
8 creatures vanquished.

Notes
Turn   | Place    | Note
--------------------------------------------------------------
     0 | D        | Misa, the Spriggan Enchanter, began the quest for the Orb.
     0 | D        | Reached XP level 1. HP: 9/9 MP: 4/4
     0 | D        | Noticed a hippogriff
     0 | D        | Noticed a hippogriff
     3 | D        | Noticed a brain worm
    18 | D        | Killed a brain worm
    18 | D        | Reached skill level 4 in Short Blades
    18 | D        | Reached skill level 10 in Stealth
    18 | D        | Reached XP level 2. HP: 13/13 MP: 6/6
    18 | D        | Reached XP level 3. HP: 16/16 MP: 9/9
    19 | D        | Noticed a brain worm
    20 | D        | Killed a brain worm
    20 | D        | Reached skill level 12 in Stealth
    20 | D        | Reached XP level 4. HP: 21/21 MP: 11/11
    21 | D        | Noticed a brain worm
    21 | D        | Noticed a brain worm
    23 | D        | Killed a brain worm
    23 | D        | Reached skill level 13 in Stealth
    23 | D        | Reached XP level 5. HP: 24/24 MP: 13/13
    25 | D        | Killed a brain worm
    25 | D        | Reached skill level 15 in Stealth
    37 | D        | Noticed an agate snail
    37 | D        | Noticed an agate snail
    37 | D        | Noticed an agate snail
    40 | D        | Killed an agate snail
    40 | D        | Reached XP level 6. HP: 28/28 MP: 14/18
    45 | D        | Noticed a mermaid
    48 | D        | Killed a mermaid
    48 | D        | Reached skill level 16 in Stealth
    48 | D        | Reached skill level 5 in Spellcasting
    48 | D        | Reached XP level 7. HP: 32/32 MP: 14/22
    52 | D        | Learned a level 2 spell: Ensorcelled Hibernation
    59 | D        | Learned a level 6 spell: Invisibility
    62 | D        | Noticed an orange crystal statue
    69 | D        | katzbalger: Что это?
    72 | D        | Misa: спринт
    98 | D        | Killed a hippogriff
   270 | D        | Found Qirikik's General Store.
   270 | D        | Found Pla Khax's Food Shop.
   270 | D        | Found Twacaage's Antique Weapon Boutique.
   270 | D        | Found Sting's Book Boutique.
   270 | D        | Found Caotolodgh's Jewellery Shop.
   270 | D        | Found Muvedim's Book Boutique.
   270 | D        | Found Lyaloamo's Assorted Antiques.
   271 | D        | Found Cauklyir's Jewellery Shop.
   271 | D        | Found Waasue's Magic Scroll Shop.
   272 | D        | Found Wedue's Antique Armour Boutique.
   272 | D        | Found Utiowaac's Magical Wand Boutique.
   272 | D        | Found Ofasmusa's Antique Armour Boutique.
   272 | D        | Found Azoegug's Distillery.
   272 | D        | Found Zinteare's Magic Scroll Shop.
   272 | D        | Found Ruizxumomp's Distillery.
   272 | D        | Noticed Menkaure
   301 | D        | Noticed an ice statue
   313 | D        | Found a shimmering altar of Xom.
   314 | D        | Found an ancient bone altar of Kikubaaqudgha.
   314 | D        | Found a deep blue altar of Sif Muna.
   314 | D        | Found a burning altar of Makhleb.
   314 | D        | Found a glowing silver altar of Zin.
   314 | D        | Found a blossoming altar of Fedhas.
   315 | D        | Found a bloodstained altar of Trog.
   316 | D        | Found a basalt altar of Yredelemnul.
   316 | D        | Found a glowing golden altar of the Shining One.
   316 | D        | Found a viscous altar of Jiyva.
   316 | D        | Found a roughly hewn altar of Beogh.
   438 | D        | Noticed a death drake
   438 | D        | Noticed a plague shambler
   441 | D        | Noticed a death drake
   441 | D        | Noticed a swamp drake
   441 | D        | Noticed a plague shambler
   442 | D        | Killed a plague shambler
   442 | D        | Reached skill level 10 in Hexes
   442 | D        | Reached XP level 8. HP: 21/36 MP: 23/27
   446 | D        | Engulfed by a death drake's foul pestilence

Action                   |  1- 3 |  4- 6 |  7- 9 || total
-------------------------+-------+-------+-------++-------
Melee: Dagger            |    14 |     4 |     9 ||    27
 Cast: Ensorcelled Hiber |       |       |     4 ||     4
       Invisibility      |       |       |     1 ||     1
  Use: Potion            |       |       |     2 ||     2
 Stab: Sleeping          |     1 |     4 |     1 ||     6
